 Dungeon Crawl Stone Soup version 0.26-a0-774-g1415c89e12 (webtiles) character file.

Game seed: 4406829973083906077

7 ANON1729 the Skirmisher (level 1, -1/18 HPs)
             Began as a Mummy Chaos Knight on Nov 9, 2020.
             Was a Plaything of Xom.
             Slain by a gnoll (7 damage)
             ... on level 1 of the Dungeon.
             The game lasted 00:00:40 (176 turns).

ANON1729 the Skirmisher (Mummy Chaos Knight)         Turns: 176, Time: 00:00:40

Health: -1/18      AC:  5    Str: 15    XL:     1   Next: 91%
Magic:  1/1        EV: 11    Int: 11    God:    Xom [..*...]
Gold:   31         SH:  0    Dex: 11    Spells: 0/0 levels left

rFire    x . .     SeeInvis .   a - +0 spear (chaos)
rCold    + . .     Faith    .   (no shield)
rNeg     + + +     Spirit   .   b - +2 leather armour
rPois    ∞         Reflect  .   (no helmet)
rElec    .         Harm     .   (no cloak)
rCorr    .         Rampage  .   (no gloves)
MR       .....                  (no boots)
Stlth    +.........             (no amulet)
HPRegen  0.06/turn              (no ring)
MPRegen  0.07/turn              (no ring)

@: no status effects
A: no potions, fire vulnerability, cold resistance 1, negative energy resistance
3, torment resistance, unbreathing
a: Renounce Religion


You were on level 1 of the Dungeon.
You worshipped Xom.
You were a toy of Xom.
You visited 1 branch of the dungeon, and saw 1 of its levels.

You collected 31 gold pieces.

Inventory:

Hand Weapons
 a - a +0 spear of chaos (weapon)
 c - a +0 dagger of venom
Missiles
 e - 20 poisoned darts (quivered)
Armour
 b - a +2 leather armour (worn)
 f - a +0 chain mail
Scrolls
 d - 3 scrolls of remove curse {unknown}
 g - a scroll of enchant armour {unknown}


   Skills:
 + Level 3.1 Fighting
 + Level 2.5 Polearms
 + Level 1.7 Armour
 * Level 1.1 Dodging


You couldn't memorise any spells.
You didn't know any spells.
Your spell library was empty.

Dungeon Overview and Level Annotations

Branches:
Dungeon (1/15)

Altars:


Innate Abilities, Weirdness & Mutations

You do not drink.
Your flesh is vulnerable to fire.
You are immune to poison.
Your flesh is cold resistant. (rC+)
You are immune to negative energy. (rN+++)
You are immune to unholy pain and torment.
You can survive without breathing.


Message History

The bat hits you but does no damage. The goblin hits you but does no damage.
The gnoll hits you. The goblin hits you.
You hit the gnoll. You freeze the gnoll.
The gnoll is heavily wounded.
The bat closely misses you. The goblin hits you but does no damage.
The gnoll hits you. The goblin barely misses you.
You are too injured to fight recklessly!
You are too injured to fight recklessly!
You are too injured to fight recklessly!
You are too injured to fight recklessly!
You are too injured to fight recklessly!
The bat barely misses you. The bat hits you but does no damage.
The bat hits you but does no damage. The bat misses you.
The bat hits you but does no damage. The bat hits you but does no damage.
The gnoll hits you!
You die...
Xom guffaws!

........## ##.#
....(.....####♣♣♣ ..
...#.........♣ ...
#.#.......#...P.. ......
##.........##♣♣..♣ ♣♣.......
.............♣♣♣♣♣♣♣♣........
..##.......##.............[..P
#.............##..........
#............@g.b#......PP
#.####...#.##...g.g...>....♣♣
#.# ##.†................##P♣P
##..####>...#####.....##......♣
....................r..#.......
####(###.......#........)......
#...#...#.##.......?.........
#...#..##.#..##....).?.......
#..♣.♣.♣#♣#.###.....#..####..


You could see a gnoll, 2 goblins, a bat and a rat.

Vanquished Creatures
  A giant cockroach (D:1)
  3 hobgoblins (D:1)
  A bat (D:1)
  A goblin (D:1)
  A rat (D:1)
7 creatures vanquished.

Notes
Turn   | Place    | Note
-------+----------+-------------------------------------------
     0 | D:1      | ANON1729 the Mummy Chaos Knight began the quest for the
                  | Orb.
     0 | D:1      | Reached XP level 1. HP: 18/18 MP: 1/1
   121 | D:1      | Reached skill level 1 in Dodging
   153 | D:1      | XOM: divination: magic mapping
   176 | D:1      | Slain by a gnoll

Illustrated notes

Levels and vault maps discovered:
D:1:      sevenhm_arrival_forest_fort_large_2, layout_rooms, serial_forest,
          infiniplex_forest_zigzag_1, infiniplex_forest_clump_curved,
          infiniplex_forest_straight_1, infiniplex_forest_clump_medium,
          infiniplex_forest_corner_1, infiniplex_forest_clump_medium,
          infiniplex_forest_lined_2, infiniplex_forest_lined_room_

Skill      XL: |  1 |
---------------+----+-----
Dodging        | 1 |  1.1
Fighting       | |  3.1
Polearms       | |  2.5
Armour         | |  1.7

Action                   || total
-------------------------++-------
Melee: Spear             ||    30
Armor: Leather armour    ||    19
Dodge: Dodged            ||    25

Table legend: (Time is in decaauts)
 A = Elapsed time spent in this place.
 B = Non-inter-level travel time spent in this place.
 C = Inter-level travel time spent in this place.
 D = Time resting spent in this place.
 E = Time spent auto-exploring this place.
 F = Levels seen in this place.
 G = Mean time per level.
                   A        B        C        D        E       F      G
               +--------+--------+--------+--------+--------+-----+--------+
         Total |    175 |    175 |      0 |      0 |     97 |   1 |  175.0 |
       Dungeon |    175 |    175 |      0 |      0 |     97 |   1 |  175.0 |
               +--------+--------+--------+--------+--------+-----+--------+

Top non-repeatable levels by time:
     D:1: 175 daAuts
